Map: Thunderbird LE

Players

Lambo - Winner!

  • Race: Zerg Zerg
  • League: Grandmaster
  • Spawn Location: 5:00

Reynor

  • Race: Zerg Zerg
  • League: Master
  • Spawn Location: 11:00

Event: HomeStory Cup XIX

VOD

Have the link to the VOD?

Description

Time

  • Played on: June 27, 2019, 8:51 a.m.
  • Length: 14:19

All games in this series

Show
View Real Time Build Order
Export as new Build Order

Lambo Zerg - Winner!

Build Orders: Hatch First 

Get SALT Encoding   

  12  0:00  Drone  
  13  0:12  Overlord  
  13  0:18  Drone  
  14  0:31  Drone x2  
  16  0:47  Hatchery  
  15  0:51  Drone  
  15  0:54  Drone  
  17  0:57  Drone  
  18  1:08  Extractor  
  17  1:12  Spawning Pool  
  17  1:15  Drone  
  17  1:18  Drone  
  18  1:28  Drone  
  19  1:38  Drone  
  20  1:49  Drone  
  21  1:59  Queen x2  
  21  2:00  Drone, Overlord  
  26  2:09  Metabolic Boost  
  26  2:11  Drone x2  
  28  2:23  Drone x2  
  30  2:31  Drone  
  30  2:33  Drone  
  32  2:37  Hatchery  
  32  2:42  Hatchery  
  31  2:44  Zergling x2  
  31  2:46  Drone  
  33  2:53  Baneling Nest  
  33  2:54  Overlord  
  32  3:01  Drone  
  32  3:04  Zergling x2  
  34  3:06  Drone  
  34  3:10  Drone  
  36  3:16  Drone x4, Evolution Chamber  
  36  3:19  Overlord  
  39  3:23  Drone x2  
  41  3:28  Zergling x2  
  41  3:33  Zergling x2  
  42  3:42  Drone x4  
  42  3:44  Drone  
  42  3:48  Overlord  
  47  3:53  Zergling x4  
  49  3:56  Extractor  
  49  3:58  Evolution Chamber  
  49  4:00  Drone x2  
  49  4:03  Baneling x2  
  49  4:09  Drone x3  
  52  4:14  Queen  
  52  4:17  Drone x3  
  56  4:19  Drone x2  
  56  4:20  Zerg Ground Armor Level 1  
  56  4:21  Queen  
  61  4:25  Drone x3  
  61  4:28  Overlord  
  61  4:30  Drone  
  65  4:36  Overlord  
  65  4:40  Drone  
  65  4:42  Zerg Melee Weapons Level 1  
  65  4:43  Overlord  
  66  4:46  Queen  
  66  4:48  Drone x2  
  66  4:50  Queen  
  72  4:55  Drone x3  
  72  4:58  Lair  
  74  5:02  Overlord  
  74  5:04  Drone x3  
  74  5:05  Spore Crawler  
  76  5:11  Drone, Extractor  
  76  5:12  Drone x2  
  78  5:15  Extractor  
  78  5:18  Spore Crawler  
  76  5:22  Queen  
  76  5:23  Drone x4  
  76  5:24  Spore Crawler  
  76  5:25  Queen  
  76  5:28  Drone x2  
  84  5:32  Extractor  
  84  5:34  Drone  
  85  5:37  Extractor  
  85  5:38  Overlord  
  85  5:41  Overlord  
  84  5:44  Overlord  
  84  5:46  Zergling x12  
  90  5:55  Overlord  
  90  5:56  Drone  
  91  5:58  Queen  
  91  6:01  Drone  
  91  6:02  Drone  
  95  6:04  Overseer  
  95  6:05  Infestation Pit  
  95  6:06  Overseer  
  95  6:08  Drone  
  95  6:10  Zergling x18  
  104  6:17  Queen  
  108  6:22  Drone  
  108  6:33  Zergling x6  
  108  6:34  Zergling x10, Hatchery, Overlord  
  114  6:41  Zerg Ground Armor Level 2, Hive  
  114  6:42  Zerg Melee Weapons Level 2  
  114  6:44  Zergling x8  
  116  6:51  Zergling x2  
  116  6:52  Zergling x2  
  116  6:53  Baneling x6  
  116  6:54  Baneling x2  
  117  6:59  Zergling x18  
  122  7:02  Baneling x2  
  122  7:03  Baneling  
  122  7:05  Zergling x6  
  121  7:12  Zergling x2  
  121  7:18  Zergling x4  
  119  7:24  Zergling x8  
  119  7:26  Zergling x8  
  119  7:29  Baneling x2  
  121  7:30  Baneling  
  121  7:31  Zergling x2  
  121  7:35  Baneling x2  
  119  7:38  Zergling x4  
  119  7:39  Baneling x4, Zergling x2  
  121  7:46  Zergling x2  
  121  7:47  Zergling x2  
  121  7:50  Zergling x2  
  113  7:55  Zergling x6  
  113  7:58  Zergling x2  
  109  8:03  Zergling x4, Ultralisk Cavern  
  109  8:04  Queen x3  
  109  8:06  Adrenal Glands  
  109  8:08  Zergling x6  
  109  8:10  Zergling x2  
  109  8:12  Zergling x2  
  109  8:13  Overseer  
  109  8:18  Zergling x2  
  104  8:20  Zergling x2  
  104  8:23  Centrifical Hooks, Drone x3  
  104  8:25  Drone x4  
  111  8:33  Drone x3  
  114  8:35  Nydus Network  
  114  8:37  Viper x2  
  114  8:40  Overlord  
  118  8:43  Drone x2  
  118  8:45  Extractor  
  118  8:47  Overlord  
  119  8:49  Overlord  
  119  8:50  Chitinous Plating  
  119  8:54  Overlord  
  119  8:55  Overseer, Pneumatized Carapace  
  119  9:02  Ultralisk  
  125  9:05  Overlord x2  
  125  9:06  Ultralisk  
  132  9:10  Zergling x18  
  140  9:27  Ultralisk  
  145  9:32  Overseer  
  145  9:37  Overlord  
  145  9:39  Hatchery, Ultralisk  
  150  9:47  Ultralisk  
  150  9:50  Baneling x2  
  156  9:54  Zergling x24  
  168  10:03  Ultralisk  
  168  10:06  Overlord x2  
  174  10:09  Spore Crawler  
  172  10:15  Nydus Canal  
  172  10:19  Overlord  
  172  10:21  Overlord  
  170  10:22  Overlord  
  170  10:24  Overlord  
  170  10:26  Baneling x13, Overseer  
  168  10:29  Nydus Canal  
  159  10:36  Zergling x22  
  159  10:41  Zergling x8  
  155  10:44  Zergling x4  
  155  10:46  Nydus Canal  
  147  10:50  Zergling x2  
  147  10:52  Zergling x8  
  149  10:58  Overseer x2  
  149  11:00  Zergling x4, Nydus Canal  
  149  11:01  Zergling x12  
  155  11:11  Zergling x6  
  155  11:18  Zergling x8  
  151  11:22  Ultralisk  
  143  11:29  Zergling x2, Ultralisk  
  143  11:30  Zergling x2  
  143  11:32  Zergling x2  
  151  11:39  Zergling x2, Ultralisk  
  150  11:46  Zergling x2  
  146  11:52  Viper x2  
  149  11:58  Ultralisk  
  154  12:05  Viper  
  157  12:16  Ultralisk  
  163  12:26  Overseer  
  163  12:30  Drone x4, Extractor  
  163  12:35  Ultralisk  
  172  12:40  Anabolic Synthesis  
  172  12:42  Overseer  
  172  12:44  Zergling x12  
  172  12:47  Spore Crawler  
  177  12:57  Drone x3, Spine Crawler  
  180  12:58  Nydus Canal  
  180  12:59  Ultralisk  
  186  13:09  Evolution Chamber  
  186  13:10  Evolution Chamber  
  186  13:11  Drone x3  
  187  13:14  Nydus Canal  
  187  13:16  Ultralisk  
  195  13:34  Ultralisk  
  195  13:41  Nydus Canal  
  194  13:49  Drone x4  
  194  13:50  Hydralisk Den  
  194  13:53  Overseer  
Show
View Real Time Build Order
Export as new Build Order

Reynor Zerg 

Build Orders: Hatch First, Lurkers 

Get SALT Encoding   

  12  0:00  Drone  
  13  0:12  Overlord  
  13  0:17  Drone  
  14  0:30  Drone x2  
  16  0:47  Hatchery  
  15  0:51  Drone  
  15  0:54  Drone  
  17  0:58  Drone  
  18  1:09  Extractor  
  17  1:13  Spawning Pool  
  17  1:16  Drone  
  17  1:19  Drone  
  18  1:27  Drone  
  19  1:38  Drone  
  20  1:49  Overlord  
  20  1:59  Queen x2  
  20  2:00  Drone x2  
  26  2:10  Drone  
  26  2:11  Drone  
  26  2:12  Metabolic Boost  
  28  2:21  Drone x2  
  30  2:33  Hatchery  
  30  2:35  Drone  
  30  2:37  Drone  
  30  2:42  Drone  
  32  2:44  Overlord  
  32  2:51  Lair  
  32  2:54  Drone  
  32  2:56  Zergling x2  
  34  3:03  Drone  
  34  3:04  Drone  
  36  3:08  Zergling x6  
  39  3:13  Drone  
  39  3:14  Baneling Nest  
  39  3:20  Drone, Extractor  
  39  3:22  Extractor  
  39  3:24  Drone x2  
  39  3:25  Evolution Chamber  
  39  3:29  Overlord  
  39  3:31  Drone  
  40  3:36  Drone  
  40  3:40  Drone  
  42  3:46  Drone x2  
  44  3:49  Drone x2  
  44  3:53  Drone x2  
  44  3:54  Extractor  
  47  3:59  Spire  
  47  4:00  Drone  
  47  4:02  Drone  
  48  4:04  Drone  
  48  4:07  Drone  
  50  4:10  Baneling  
  50  4:11  Drone  
  50  4:16  Drone  
  52  4:19  Drone x3  
  52  4:21  Overlord  
  55  4:26  Drone x2  
  55  4:28  Zergling x2  
  55  4:31  Overlord  
  58  4:40  Drone x2  
  58  4:41  Drone x3  
  63  4:46  Overlord  
  63  4:47  Drone  
  63  4:48  Drone x2  
  66  4:56  Queen  
  66  4:57  Extractor  
  66  4:58  Extractor  
  66  5:03  Drone x2  
  68  5:10  Mutalisk x3  
  68  5:11  Mutalisk x3  
  68  5:14  Zerg Missile Weapons Level 1  
  80  5:16  Drone  
  80  5:20  Drone, Overlord  
  82  5:25  Hydralisk Den, Drone  
  82  5:27  Overlord  
  82  5:33  Overlord  
  81  5:39  Drone  
  81  5:40  Drone x2  
  81  5:41  Drone  
  85  5:47  Overlord  
  85  5:49  Hatchery  
  84  5:52  Drone x3  
  87  5:57  Drone x3  
  87  6:00  Lurker Den  
  87  6:03  Infestation Pit  
  88  6:04  Grooved Spines  
  88  6:05  Drone  
  88  6:07  Drone x3  
  92  6:13  Overlord  
  92  6:18  Zergling x10  
  97  6:30  Hydralisk x7  
  111  6:33  Zergling x2  
  111  6:37  Overlord  
  112  6:41  Hive  
  112  6:42  Drone x2  
  112  6:43  Drone x3  
  112  6:44  Baneling  
  112  6:45  Baneling, Hydralisk  
  119  6:51  Baneling  
  119  7:00  Zergling x12  
  123  7:02  Drone  
  123  7:03  Baneling  
  123  7:04  Baneling  
  123  7:05  Queen  
  121  7:13  Zergling x12  
  122  7:24  Hydralisk x7  
  122  7:26  Hydralisk  
  114  7:30  Hydralisk  
  114  7:32  Baneling x2, Hydralisk  
  114  7:34  Hydralisk  
  114  7:36  Hydralisk  
  111  7:40  Zergling x2  
  111  7:41  Hydralisk  
  111  7:42  Zergling x4  
  109  7:49  Hydralisk x2  
  109  7:50  Zergling x4  
  97  7:53  Hydralisk  
  97  7:54  Zergling x4  
  90  7:58  Hydralisk x2  
  90  7:59  Zergling x2  
  90  8:02  Lurker x2  
  90  8:04  Drone  
  87  8:11  Drone x3  
  82  8:16  Drone x2  
  82  8:19  Drone  
  80  8:21  Drone  
  80  8:24  Drone  
  80  8:25  Lurker  
  84  8:27  Lurker  
  84  8:28  Drone  
  84  8:30  Drone  
  84  8:32  Drone  
  87  8:38  Drone x3  
  87  8:40  Lurker x2  
  92  8:42  Drone  
  92  8:43  Drone  
  92  8:45  Drone  
  92  8:46  Drone  
  96  8:51  Zerg Missile Weapons Level 2  
  96  8:54  Drone x2  
  98  8:58  Drone x2  
  98  9:02  Drone x3  
  103  9:07  Hydralisk x3  
  109  9:17  Queen, Overlord  
  109  9:21  Hydralisk x3  
  116  9:25  Hydralisk x2  
  116  9:28  Drone x3  
  121  9:32  Extractor x2  
  121  9:33  Muscular Augments  
  121  9:34  Queen  
  121  9:37  Hydralisk  
  123  9:45  Spore Crawler  
  123  9:46  Spore Crawler  
  123  9:47  Hydralisk x2, Spore Crawler  
  123  9:49  Lurker x2  
  123  9:51  Drone x3  
  123  9:52  Drone  
  130  9:56  Hydralisk x2  
  134  10:00  Lurker  
  134  10:04  Hydralisk x2  
  139  10:11  Lurker  
  140  10:15  Hydralisk x2  
  140  10:17  Overlord x3  
  140  10:20  Overlord  
  144  10:30  Overlord  
  144  10:35  Hydralisk x4  
  136  10:36  Zergling x8  
  136  10:39  Queen  
  136  10:40  Hydralisk x2  
  136  10:41  Hydralisk  
  135  10:47  Hydralisk  
  135  10:49  Hydralisk  
  132  10:50  Zergling x2  
  124  11:00  Lurker x2  
  124  11:01  Lurker x2  
  124  11:03  Drone x2  
  124  11:04  Drone x2  
  132  11:06  Hydralisk  
  132  11:08  Hydralisk  
  132  11:12  Hydralisk  
  132  11:13  Zergling x2  
  132  11:16  Hydralisk  
  117  11:19  Queen x2  
  117  11:21  Zergling x2  
  117  11:27  Drone  
  117  11:28  Drone  
  117  11:30  Hydralisk  
  115  11:39  Drone x2  
  105  11:49  Drone x3  
  105  11:53  Drone  
  103  11:54  Drone  
  104  12:03  Adaptive Talons  
  104  12:06  Hydralisk  
  104  12:07  Zergling x2  
  107  12:24  Hydralisk, Drone x3  
  107  12:25  Hydralisk x2  
  107  12:26  Lurker x2  
  107  12:27  Lurker  
  119  12:35  Drone  
  120  12:39  Lurker x2  
  122  12:44  Lurker  
  122  12:48  Hatchery  
  122  12:54  Lurker x2  
  122  12:56  Zergling x2  
  122  12:57  Zergling x14  
  132  13:02  Hydralisk x2  
  136  13:08  Overlord  
  136  13:21  Hydralisk x5  
  144  13:30  Hydralisk x3  
  150  13:38  Hydralisk x4  
  156  13:54  Lurker x2  
  156  13:55  Lurker  
  159  14:00  Zergling x6  
Tags
 
Add a new tag
Caveats
  • Supply blocks, unpowered buildings, or Contaminate may cause inaccurate times.
  • Supply counts are checked every 10 seconds.